 Dungeon Crawl Stone Soup version 0.17.0-73-gb648821 (webtiles) character file.

145201 MudFish the Executioner (level 17, -1/170 HPs)
             Began as a Hill Orc Berserker on Dec 6, 2015.
             Was a High Priest of Trog.
             Slain by an eight-headed hydra (6 damage)
             ... on level 4 of the Swamp on Dec 11, 2015.
             The game lasted 02:33:40 (36754 turns).

MudFish the Executioner (Hill Orc Berserker)       Turns: 36754, Time: 02:33:40

Health: -1/170     AC: 27    Str: 26    XL:     17   Next: 41%
Magic:  0/5        EV: 20    Int:  9    God:    Trog [*****.]
Gold:   3140       SH:  0    Dex: 13    Spells: 0 memorised, 16 levels left

rFire  . . .     SeeInvis +     l - +0 eveningstar (antimagic)
rCold  . . .     Clarity  .     J - +0 swamp dragon armour
rNeg   . . .     SustAt   .     (no shield)
rPois  +         Gourm    .     M - +3 crown of Dyrovepreva {rElec Int+2 SInv}
rElec  +         Spirit   +     I - +0 cloak
rCorr  .         Warding  .     n - +2 pair of gloves {Str+3}
rMut   .         Stasis   .     m - +2 pair of boots of the Assassin {DetectMon Stab+ Stlth++}
MR     +....                    O - amulet of guardian spirit
Stlth  +++.......               N - ring of flight
                                L - +5 ring of evasion

@: very slightly contaminated, hasted, drained, very quick, somewhat resistant
to hostile enchantments, fairly stealthy
A: rough black scales 1
a: Berserk, Trog's Hand, Brothers in Arms, Burn Spellbooks, Renounce Religion,
Evoke Flight


You were on level 4 of the Swamp.
You worshipped Trog.
Trog was extremely pleased with you.
You were hungry.

You visited 5 branches of the dungeon, and saw 32 of its levels.

You collected 3761 gold pieces.
You spent 621 gold pieces at shops.

Inventory:

Hand Weapons
 c - a +7 arbalest of flaming
 l - a +0 antimagic eveningstar (weapon)
 D - a +5 executioner's axe of electrocution
 Q - a +0 lajatang of electrocution
Missiles
 d - 434 bolts
 h - 29 tomahawks (quivered)
 x - 11 bolts of frost
 T - 18 silver bolts
Armour
 m - the +2 pair of boots of the Assassin (worn) {DetectMon Stab+ Stlth++}
   (You acquired it on level 5 of the Lair of Beasts)

   It makes you much more stealthy.
 n - a +2 pair of gloves of strength (worn)
 r - the +6 crystal plate armour of the Gastropod {*Drain rN++ MR+ Int+2}
   (You found it on level 13 of the Dungeon)

   It affects your intelligence (+2).
   It greatly protects you from negative energy.
   It affects your resistance to hostile enchantments.
   It causes draining when unequipped.
 I - a +0 cloak (worn)
 J - a +0 swamp dragon armour (worn)
 M - the +3 crown of Dyrovepreva (worn) {rElec Int+2 SInv}
   (You bought it in a shop on level 4 of the Orcish Mines)

   It affects your intelligence (+2).
   It insulates you from electricity.
   It lets you see invisible.
Rods
 o - a +3 rod of destruction (11/11)
   (You found it on level 8 of the Lair of Beasts)
Jewellery
 K - an uncursed ring of invisibility
 L - a +5 ring of evasion (left hand)
 N - a ring of flight (right hand)
 O - an amulet of guardian spirit (around neck)
Wands
 e - a wand of flame (44)
 i - a wand of fireball (12)
 v - a wand of fire (14)
 y - a wand of lightning (12)
 A - a wand of flame (27)
 B - a wand of digging (0)
 W - a wand of teleportation (2)
 X - a wand of cold (9)
Scrolls
 b - 9 scrolls of teleportation
 g - a scroll of fog
 j - 3 scrolls of fear
 q - a scroll of silence
 t - 2 scrolls of holy word
 F - a scroll of enchant weapon
 P - 7 scrolls of remove curse
Potions
 a - a potion of flight
 k - 2 potions of agility
 u - 5 potions of brilliance
 U - a potion of cure mutation
Miscellaneous
 s - a fan of gales
 C - a disc of storms
 E - a stone of tremors
 H - a phial of floods
 Y - a disc of storms
Comestibles
 z - 9 fruits
 S - 2 royal jellies
 V - a bread ration
 Z - 4 meat rations


   Skills:
 * Level 19.9(18.6) Fighting
 + Level 22.2(20.8) Axes
 * Level 14.8(13.7) Armour
 - Level 9.0(8.0) Dodging


You had 16 spell levels left.
You didn't know any spells.

Dungeon Overview and Level Annotations

Branches:
Dungeon (15/15)            Temple (1/1) D:4            Lair (8/8) D:10
  Swamp (4/4) Lair:6       Spider (0/4) Lair:4        Slime (0/6) Lair:7
    Orc (4/4) D:12            Elf (0/3) Orc:4        Vaults (0/5) D:14
 Depths (0/5) D:15

Altars:
Ashenzari
Cheibriados
Dithmenos
Elyvilon
Fedhas
Gozag
Kikubaaqudgha
Makhleb
Nemelex Xobeh
Okawaru
Qazlal
Ru
Sif Muna
Trog
Vehumet
Xom
Yredelemnul
Zin
The Shining One
Beogh

Shops:
Orc:1 }(   Orc:2 }   Orc:4 [[[(

Annotations:
D:13 6 runed doors
D:14 exclusion: obsidian statue
Swamp:1 exclusion: Roxanne, Roxanne


Innate Abilities, Weirdness & Mutations

You are partially covered in rough black scales (AC +4, Dex -1).


Message History

The alligator misses you. The alligator closely misses you.
The eight-headed hydra barely misses you. x2
The eight-headed hydra bites you.
* * * LOW HITPOINT WARNING * * *
The eight-headed hydra bites you!
* * * LOW HITPOINT WARNING * * *
The eight-headed hydra bites you but does no damage.
The eight-headed hydra completely misses you.
The eight-headed hydra bites you but does no damage. x2
You enter the shallow water.
Moving in this stuff is going to be slow.
Unknown command.
The alligator bites you but does no damage.
The alligator barely misses you.
Unknown command.
The alligator bites you but does no damage.
The alligator misses you.
The eight-headed hydra barely misses you.
The eight-headed hydra bites you!
You die...

##$ ##.#'#.#'#.
≈♣♣#####≈≈≈.≈≈..≈≈
≈.≈≈≈≈....≈≈≈.♣♣♣♣
♣.≈≈≈≈≈...≈≈≈≈♣♣
♣.≈≈≈≈≈..≈≈≈≈.≈≈
♣♣.≈≈≈...≈≈≈..≈≈≈≈
...≈≈≈≈≈≈≈≈≈≈≈≈.≈≈
♣.≈≈≈≈≈≈.≈≈≈≈≈..≈≈
♣.≈≈≈≈≈t@≈≈≈≈≈§<≈≈
♣≈...≈≈D♣≈≈≈≈≈≈≈..
♣♣♣♣.....≈≈≈≈≈....
♣♣♣..≈≈≈≈≈.....
♣♣≈≈..≈.♣..
♣♣♣♣♣♣♣..[≈≈ ≈≈≈♣♣
≈.


You could see an alligator and an eight-headed hydra.

Vanquished Creatures
  3 thorn hunters
  Kirke (Lair:6)
  A storm dragon (D:13)
  Snorg (Lair:6)
  The ghost of MetaCosm the Nimble, a journeyman TrBe of Trog (Orc:3)
  The ghost of braveplatypus the Cruncher, a journeyman FoFi of Kikubaaqudgha (D:14)
  3 catoblepae
  2 centaur warriors (D:15)
  An ogre mage (D:15)
  15 hydras
  2 ghost crabs
  2 dancing weapons (D:14)
  A vampire mage (D:14)
  9 alligators
  21 death yaks
  4 spriggans
  A skeletal warrior (D:15)
  2 hill giants
  11 swamp dragons
  6 unseen horrors
  5 orc knights
  3 shambling mangroves (Swamp:3)
  An orb spider (shapeshifter) (D:12)
  A necromancer (D:15)
  A wizard (D:14)
  A lindwurm (Lair:8)
  5 cyclopes
  A fire giant zombie (D:15)
  The ghost of Hildebrand the Skirmisher, a novice DsGl (D:6)
  A hornet (Swamp:1)
  5 ugly things
  13 elephants
  A centaur zombie (D:13)
  Maurice (D:9)
  10 black mambas
  17 spiny frogs
  2 torpor snails
  3 gargoyles
  4 kobold demonologists
  5 komodo dragons
  A fire drake (Lair:5)
  A guardian mummy (D:15)
  7 giant leeches
  A yaktaur skeleton (D:15)
  A wind drake (shapeshifter) (D:13)
  An entropy weaver zombie (D:15)
  A polar bear (Lair:6)
  32 blink frogs
  18 slime creatures
  Prince Ribbit (D:7)
  6 trolls
  A boulder beetle (shapeshifter) (D:15)
  3 two-headed ogres
  6 bog bodies
  2 boulder beetles (Lair:8)
  66 yaks
  2 shadows
  Sigmund (D:6)
  7 basilisks
  2 wraiths
  A trapdoor spider (D:14)
  5 wyverns
  6 deep elf magi
  17 wolves
  3 hogs (Lair:6)
  20 vampire mosquitoes
  7 wargs
  6 hippogriffs
  16 water moccasins
  Edmund (D:4)
  11 insubstantial wisps
  21 swamp worms
  A human zombie (D:15)
  8 porcupines
  2 sky beasts
  Duvessa (D:5)
  13 wasps
  A phantom (D:13)
  An eye of draining (D:13)
  7 swamp drakes
  2 black bears
  A necrophage (D:8)
  33 orc warriors
  6 ice beasts
  10 crocodiles
  18 centaurs
  18 ogres
  8 big kobolds
  Blork the orc (D:4)
  16 giant frogs
  Dowan (D:5)
  8 scorpions
  A wyvern skeleton (D:7)
  9 killer bees
  A quasit (D:11)
  9 crimson imps
  17 wights
  3 giant frog zombies
  15 orc priests
  12 hounds
  5 jellies
  2 giant frog skeletons
  7 centaur skeletons
  13 iguanas
  21 orc wizards
  7 hell rats (Lair:3)
  17 worker ants
  21 sheep
  A hound zombie (D:11)
  8 adders
  8 gnolls
  27 river rats
  2 shadow imps
  A white imp (D:6)
  An adder skeleton (D:4)
  5 worms
  11 giant geckos
  151 orcs
  A ball python (D:3)
  9 bats
  5 giant cockroaches
  11 goblins
  5 hobgoblins
  12 jackals
  27 kobolds
  7 quokkas
  A giant cockroach zombie (D:5)
  A giant gecko skeleton (D:8)
  A giant gecko zombie (D:6)
  3 giant newts
  2 goblin skeletons (D:6)
  A goblin zombie (D:6)
  A hobgoblin zombie (D:6)
  2 kobold skeletons (D:6)
  2 orc zombies (D:6)
  A quokka skeleton (D:6)
  A quokka zombie (D:6)
  13 rats
  14 fungi
  6 plants
1100 creatures vanquished.

Vanquished Creatures (collateral kills)
  A frost giant (D:13)
  An ettin (D:13)
  A hydra (Swamp:4)
  A deep troll earth mage (D:13)
  A swamp drake (Swamp:4)
  3 orc warriors (Orc:4)
8 creatures vanquished.

Vanquished Creatures (others)
  A flayed ghost (D:13)
  A worker ant (D:12)
  4 orcs (Orc:2)
  A briar patch (Swamp:2)
  16 fungi
  8 plants
31 creatures vanquished.

Grand Total: 1139 creatures vanquished

Notes
Turn   | Place    | Note
--------------------------------------------------------------
     0 | D:1      | MudFish the Hill Orc Berserker began the quest for the Orb.
     0 | D:1      | Reached XP level 1. HP: 19/19 MP: 1/1
   340 | D:1      | Reached XP level 2. HP: 24/27 MP: 2/2
   969 | D:1      | Reached XP level 3. HP: 30/33 MP: 3/3
  1068 | D:2      | Reached skill level 5 in Axes
  1185 | D:2      | Reached ** piety under Trog
  1666 | D:2      | Reached XP level 4. HP: 36/41 MP: 4/4
  2585 | D:3      | Reached skill level 5 in Fighting
  2658 | D:3      | Reached *** piety under Trog
  2763 | D:3      | Reached skill level 6 in Axes
  2763 | D:3      | Reached XP level 5. HP: 34/48 MP: 5/5
  3438 | D:4      | Noticed Blork the orc
  3445 | D:4      | Reached XP level 6. HP: 56/56 MP: 6/6
  3451 | D:4      | Killed Blork the orc
  3451 | D:4      | Reached skill level 7 in Axes
  3543 | D:4      | Found a staircase to the Ecumenical Temple.
  3557 | Temple   | Entered the Ecumenical Temple
  3668 | D:4      | Noticed Edmund
  3682 | D:4      | Killed Edmund
  3682 | D:4      | Reached XP level 7. HP: 64/64 MP: 7/7
  3822 | D:4      | Noticed an ogre
  3825 | D:4      | Killed an ogre
  3944 | D:5      | Entered Level 5 of the Dungeon
  4028 | D:5      | Noticed Duvessa
  4028 | D:5      | Noticed Dowan
  4038 | D:5      | Killed Duvessa
  4038 | D:5      | Reached skill level 8 in Axes
  4047 | D:5      | Killed Dowan
  4071 | D:5      | Got a twisted robe
  4072 | D:5      | Identified the +1 robe of the Pink Corner {*Corrode Int+2 Dex+3 Slay+3} (You found it on level 5 of the Dungeon)
  4182 | D:5      | Found a snail-covered altar of Cheibriados.
  4225 | D:5      | Reached XP level 8. HP: 38/73 MP: 8/8
  4445 | D:5      | Found a deep blue altar of Sif Muna.
  4676 | D:6      | Reached skill level 9 in Axes
  4763 | D:6      | Found a glowing golden altar of the Shining One.
  4984 | D:6      | Noticed Hildebrand's ghost (novice DsGl)
  4993 | D:6      | Killed Hildebrand's ghost
  4993 | D:6      | Reached skill level 10 in Axes
  5050 | D:6      | Found a shimmering altar of Xom.
  5053 | D:6      | Found a shimmering altar of Xom.
  5168 | D:6      | Reached skill level 11 in Axes
  5168 | D:6      | Reached XP level 9. HP: 52/83 MP: 9/9
  5237 | D:6      | Reached **** piety under Trog
  5634 | D:6      | Noticed Sigmund
  5643 | D:6      | Killed Sigmund
  5652 | D:6      | Reached skill level 12 in Axes
  6222 | D:7      | Noticed Prince Ribbit
  6230 | D:7      | Killed Prince Ribbit
  6230 | D:7      | Reached skill level 10 in Fighting
  6300 | D:7      | Reached skill level 13 in Axes
  6647 | D:7      | Gained mutation: You are partially covered in rough black scales (AC +4, Dex -1). [potion of beneficial mutation]
  6787 | D:8      | Found a glowing golden altar of the Shining One.
  6788 | D:8      | Found a stormy altar of Qazlal.
  6859 | D:8      | Reached XP level 10. HP: 94/94 MP: 10/10
  7127 | D:8      | Reached skill level 14 in Axes
  7163 | D:8      | Found a bloodstained altar of Trog.
  7642 | D:9      | Noticed Maurice
  7675 | D:9      | Killed Maurice
  8077 | D:9      | Found a radiant altar of Vehumet.
  8078 | D:9      | Found a burning altar of Makhleb.
  8207 | D:9      | Got a spiked ring mail
  8218 | D:9      | Identified the cursed +1 ring mail of Hide-and-Seek {MP+9} (You found it on level 9 of the Dungeon)
  8309 | D:9      | Reached ***** piety under Trog
  8930 | D:10     | Entered Level 10 of the Dungeon
  9038 | D:10     | Killed an unseen horror
  9038 | D:10     | Reached skill level 15 in Axes
  9381 | D:10     | Found a staircase to the Lair.
  9460 | D:10     | Reached XP level 11. HP: 101/104 MP: 11/11
  9564 | D:10     | Reached skill level 16 in Axes
  9825 | Lair:1   | Entered Level 1 of the Lair of Beasts
  9861 | Lair:1   | Reached skill level 5 in Armour
  9864 | Lair:1   | Noticed a five-headed hydra
  9876 | Lair:1   | Killed a 12-headed hydra
 12087 | Lair:3   | Reached skill level 17 in Axes
 12109 | Lair:3   | Received a gift from Trog
 12760 | Lair:4   | Reached XP level 12. HP: 62/113 MP: 12/12
 13223 | Lair:4   | Noticed an eight-headed hydra
 13236 | Lair:4   | Killed an eight-headed hydra
 13236 | Lair:4   | Reached skill level 5 in Dodging
 13805 | Lair:4   | Reached skill level 18 in Axes
 13919 | Lair:4   | Found a hole to the Spider Nest.
 14132 | Lair:5   | Identified a scroll of acquirement
 14211 | Lair:5   | Noticed a death yak
 14219 | Lair:5   | Killed a death yak
 14221 | Lair:5   | Received a gift from Trog
 14238 | Lair:5   | Noticed a catoblepas
 14238 | Lair:5   | Noticed a death yak
 14239 | Lair:5   | Noticed a death yak
 14243 | Lair:5   | Killed a catoblepas
 14247 | Lair:5   | Killed a death yak
 14494 | Lair:5   | Killed a death yak
 14494 | Lair:5   | Reached XP level 13. HP: 102/123 MP: 13/13
 14737 | Lair:5   | Noticed a death yak
 14742 | Lair:5   | Noticed a death yak
 14742 | Lair:5   | Noticed a death yak
 14744 | Lair:5   | Noticed a death yak
 14745 | Lair:5   | Noticed a death yak
 14746 | Lair:5   | Killed a death yak
 14750 | Lair:5   | Killed a death yak
 14755 | Lair:5   | Killed a death yak
 14755 | Lair:5   | Killed a death yak
 14755 | Lair:5   | Reached skill level 19 in Axes
 14761 | Lair:5   | Killed a death yak
 15467 | Lair:5   | Noticed a four-headed hydra
 15481 | Lair:5   | Killed a four-headed hydra
 15913 | Lair:5   | Upgraded the game from 0.17.0-56-gd8de76c to 0.17.0-57-g0e89251
 16312 | D:11     | Received a gift from Trog
 17002 | D:12     | Found a staircase to the Orcish Mines.
 18084 | Orc:1    | Entered Level 1 of the Orcish Mines
 18219 | Orc:1    | Received a gift from Trog
 18354 | Orc:1    | Reached skill level 20 in Axes
 18354 | Orc:1    | Reached ****** piety under Trog
 18455 | Orc:1    | Found Yxoax's Antique Weapon Boutique.
 18487 | Orc:1    | Found Upnuiken's Gadget Boutique.
 18687 | Orc:1    | Reached XP level 14. HP: 133/133 MP: 14/14
 18776 | Orc:2    | Received a gift from Trog
 18932 | Orc:2    | Found Kiremife's Gadget Emporium.
 19026 | Orc:3    | Noticed MetaCosm's ghost (journeyman TrBe)
 19545 | Orc:3    | Found a roughly hewn altar of Beogh.
 19951 | Orc:3    | Killed MetaCosm's ghost
 19951 | Orc:3    | Reached skill level 15 in Fighting
 20521 | Lair:6   | Received a gift from Trog
 20693 | Lair:6   | Noticed Kirke
 20709 | Lair:6   | Killed Kirke
 21176 | Lair:6   | Found a staircase to the Swamp.
 21230 | Lair:6   | Noticed Snorg
 21238 | Lair:6   | Killed Snorg
 22379 | Lair:1   | Upgraded the game from 0.17.0-57-g0e89251 to 0.17.0-73-gb648821
 22684 | Lair:7   | Found a staircase to the Slime Pits.
 22769 | Lair:7   | Received a gift from Trog
 23590 | Lair:8   | Entered Level 8 of the Lair of Beasts
 23782 | Lair:8   | Reached XP level 15. HP: 145/145 MP: 15/15
 23784 | Lair:8   | Reached skill level 10 in Armour
 25238 | Lair:1   | Identified a +3 rod of destruction (11/11) (You found it on level 8 of the Lair of Beasts)
 25372 | Orc:4    | Entered Level 4 of the Orcish Mines
 25504 | Orc:4    | Received a gift from Trog
 25521 | Orc:4    | Reached skill level 21 in Axes
 25723 | Orc:4    | Found Xoerch's Armour Shop.
 25723 | Orc:4    | Found Ticzess's Antique Armour Emporium.
 25725 | Orc:4    | Found Zunuim's Armour Shoppe.
 25727 | Orc:4    | Found Ocoul's Weapon Boutique.
 25882 | Orc:4    | Found a staircase to the Elven Halls.
 26010 | Orc:4    | Bought the +3 crown of Dyrovepreva {rElec Int+2 SInv} for 621 gold pieces
 26808 | D:13     | Received a gift from Trog
 26822 | D:13     | Found a large runed door.
 26822 | D:13     | Noticed a storm dragon
 26824 | D:13     | Found a large runed door.
 26826 | D:13     | Got a faintly humming ring mail
 27244 | D:13     | Found a large runed door.
 27256 | D:13     | Found a large runed door.
 27256 | D:13     | Noticed a frost giant
 27260 | D:13     | Found a large runed door.
 27266 | D:13     | Found a large runed door.
 27266 | D:13     | Found a large runed door.
 27272 | D:13     | Found a large runed door.
 28114 | D:13     | Killed a frost giant
 28116 | D:13     | Killed a storm dragon
 28127 | D:13     | Got a slimy crystal plate armour
 28180 | D:13     | Identified the +6 crystal plate armour of the Gastropod {*Drain rN++ MR+ Int+2} (You found it on level 13 of the Dungeon)
 28318 | D:14     | Reached XP level 16. HP: 141/157 MP: 14/16
 28579 | D:14     | Found a gate to the Vaults.
 28650 | D:14     | Noticed braveplatypus's ghost (journeyman FoFi)
 28659 | D:14     | Killed braveplatypus's ghost
 29401 | D:15     | Entered Level 15 of the Dungeon
 29563 | D:15     | Found a staircase to the Depths.
 29573 | D:15     | Received a gift from Trog
 29593 | D:15     | Got a bloodstained double sword {god gift}
 29594 | D:15     | Identified the +2 double sword of Urgency {venom, Int+2} (Trog gifted it to you on level 15 of the Dungeon)
 30111 | D:15     | Found a blossoming altar of Fedhas.
 30408 | Lair:1   | Identified the +2 ring mail of Lanaxapu {Dex+2} (You found it on level 13 of the Dungeon)
 30593 | Swamp:1  | Entered Level 1 of the Swamp
 30793 | Swamp:1  | Noticed Roxanne
 31425 | Swamp:2  | Noticed a thorn hunter
 31474 | Swamp:2  | Killed a thorn hunter
 32020 | Swamp:2  | Received a gift from Trog
 32846 | Swamp:2  | Got a bone double sword
 33521 | Swamp:2  | Identified the +3 double sword "Qoshow" {freeze, Int+4} (You found it on level 2 of the Swamp)
 34434 | Swamp:3  | Got a distressingly furry leather armour
 34513 | Swamp:3  | Noticed a thorn hunter
 34524 | Swamp:3  | Killed a thorn hunter
 34524 | Swamp:3  | Reached XP level 17. HP: 145/168 MP: 14/17
 34826 | Swamp:3  | Reached skill level 22 in Axes
 35222 | Swamp:3  | Received a gift from Trog
 35281 | Swamp:4  | Entered Level 4 of the Swamp
 36683 | Swamp:4  | HP: 3/170 [bog body] (9)]
 36684 | Swamp:4  | HP: 1/170 [bog body/bolt of cold (5)]
 36750 | Swamp:4  | HP: 4/170 [eight-headed hydra (6)]
 36754 | Swamp:4  | Slain by an eight-headed hydra

Action                   |  1- 3 |  4- 6 |  7- 9 | 10-12 | 13-15 | 16-18 || total
-------------------------+-------+-------+-------+-------+-------+-------++-------
Melee: Hand axe          |   119 |    83 |       |       |       |       ||   202
       War axe           |       |    68 |   117 |       |       |       ||   185
       Battleaxe         |       |       |   142 |   388 |   428 |   144 ||  1102
       Executioner's axe |       |       |       |   165 |   555 |   370 ||  1090
       Morningstar       |       |       |       |    10 |    16 |       ||    26
       Eveningstar       |       |       |       |       |     7 |   138 ||   145
 Fire: Arbalest          |       |       |       |       |     4 |    43 ||    47
Throw: Javelin           |       |       |       |     3 |     4 |       ||     7
       Tomahawk          |       |       |       |       |     6 |    28 ||    34
Invok: Berserk           |       |     2 |     4 |     4 |     4 |     1 ||    15
       Trog's Hand       |       |     1 |     1 |     3 |    10 |     5 ||    20
       Burn Spellbooks   |       |       |     2 |     5 |     2 |     2 ||    11
       Brothers in Arms  |       |       |       |       |     2 |     2 ||     4
Evoke: Wand              |       |       |       |       |     3 |       ||     3
  Use: Scroll            |       |    10 |    13 |    11 |    13 |    14 ||    61
       Potion            |       |     7 |     1 |     6 |     7 |     9 ||    30
 Stab: Invisible         |       |       |       |       |     3 |       ||     3
  Eat: Bread ration      |     1 |       |       |     2 |     3 |     1 ||     7
       Chunk             |       |     6 |     3 |     8 |    14 |     1 ||    32
       Meat ration       |       |       |     2 |     2 |     3 |     2 ||     9
       Beef jerky        |       |       |     2 |     2 |     1 |     1 ||     6
       Fruit             |       |       |       |       |     9 |     2 ||    11
       Royal jelly       |       |       |       |       |       |     4 ||     4
       Pizza             |       |       |       |       |       |     2 ||     2
